 Dungeon Crawl Stone Soup version 0.24.0-13-gcf9b319 (webtiles) character file.

Game seed: 17208993403904552547, levelgen mode: deterministic

51 Balder the Covered (level 3, -5/23 HPs)
             Began as a Gargoyle Fighter on Apr 1, 2020.
             Slain by Sigmund
             ... wielding a +0 scythe
              (6 damage)
             ... on level 2 of the Dungeon.
             The game lasted 00:05:40 (1308 turns).

Balder the Covered (Gargoyle Fighter)               Turns: 1308, Time: 00:05:41

Health: -5/23      AC: 10    Str: 24    XL:     3   Next: 83%
Magic:  3/3        EV:  7    Int:  8    God:
Gold:   31         SH:  0    Dex: 10    Spells: 2/2 levels left

rFire    . . .     SeeInvis .   a - +0 flail
rCold    . . .     Gourm    .   c - +0 shield
rNeg     + . .     Faith    .   b - +0 scale mail
rPois    ∞         Spirit   .   (no helmet)
rElec    +         Reflect  .   (no cloak)
rCorr    .         Harm     .   (no gloves)
MR       .....                  (no boots)
Stlth    ..........             (no amulet)
HPRegen  0.07/turn              (no ring)
MPRegen  0.08/turn              (no ring)

@: confused, mighty
A: negative energy resistance 1, electricity resistance, unbreathing,
petrification resistance, rot immunity, AC +3
a: no special abilities


You were on level 2 of the Dungeon.
You were not hungry.

You visited 1 branch of the dungeon, and saw 2 of its levels.

You collected 31 gold pieces.

Inventory:

Hand Weapons
 a - a +0 flail (weapon)
 p - a +0 hunting sling
Armour
 b - a +0 scale mail (worn)
 c - a +0 shield (worn)
Scrolls
 e - a scroll of enchant weapon {unknown}
 g - a scroll of magic mapping {unknown}
 i - 2 scrolls of remove curse {unknown}
 k - a scroll of fear {unknown}
 l - 3 scrolls of fog {unknown}
 m - a scroll of amnesia {unknown}
 n - a scroll of identify {unknown}
Potions
 j - a potion of cancellation {unknown}
 o - a potion of haste {unknown}
Comestibles
 f - 4 rations
 h - 3 chunks of flesh


   Skills:
 * Level 3.6 Fighting
 * Level 2.6 Maces & Flails
 * Level 3.8 Armour
 + Level 0.1 Dodging
 * Level 0.4 Stealth
 * Level 3.8 Shields


You had 2 spell levels left.
You didn't know any spells.
Your spell library was empty.

Dungeon Overview and Level Annotations

Branches:
Dungeon (2/15)

Altars:

Annotations:
D:2 Sigmund


Innate Abilities, Weirdness & Mutations

You are resistant to torment.
Your stone body is resilient. (AC +3)
You are immune to poison.
You resist negative energy. (rN+)
You are resistant to electric shocks. (rElec)
You can survive without breathing.
You are immune to petrification.
You are immune to rotting.


Message History

Sigmund points at you and mumbles some strange words.
The puff of flame hits you!
* * * LOW HITPOINT WARNING * * *
You hit Sigmund but do no damage. Sigmund barely misses you.
You closely miss Sigmund. You block Sigmund's attack.
You bludgeon Sigmund!!
Sigmund is severely wounded.
Sigmund barely misses you.
Your shield and scale mail prevent you from hitting Sigmund.
Sigmund is severely wounded.
Sigmund asks, "Do you like me?"
Sigmund points at you and mumbles some strange words.
You are confused.
You hit Sigmund.
Sigmund is almost dead.
Sigmund gestures at you while chanting. The magic dart hits you.
* * * LOW HITPOINT WARNING * * *
You bump into the rock wall.
Sigmund hits you with a +0 scythe.
You die...

## ##.....###.#
##.# #
#..........###.##
.....#####.#.#.##
###...# #.##.##
#...#####.##.#
#...#........#
...###.#### #.#
#@# #.....@.#
#...##### ..


You could see Sigmund.

Vanquished Creatures
  An adder (D:2)
  An ooze (D:2)
  A dart slug (D:1)
  2 leopard geckos (D:1)
  3 bats
  A giant cockroach (D:1)
  5 goblins (D:1)
  3 hobgoblins
  3 jackals (D:2)
  6 kobolds
  2 ball pythons (D:1)
  A frilled lizard (D:1)
  3 rats
32 creatures vanquished.

Notes
Turn   | Place    | Note
-------+----------+-------------------------------------------
     0 | D:1      | Balder the Gargoyle Fighter began the quest for the Orb.
     0 | D:1      | Reached XP level 1. HP: 14/14 MP: 1/1
   176 | D:1      | Reached XP level 2. HP: 17/19 MP: 2/2
   796 | D:1      | Reached XP level 3. HP: 23/23 MP: 3/3
  1297 | D:2      | Noticed Sigmund
  1307 | D:2      | HP: 1/23 [Sigmund/magic dart (2)]
  1308 | D:2      | Slain by Sigmund

Levels and vault maps discovered:
D:1:      psy_arrival_radial02, layout_basic, serial_forest,
          infiniplex_forest_clump_medium, infiniplex_forest_straight_4,
          infiniplex_forest_clump_tiny, infiniplex_forest_end_1,
          infiniplex_forest_straight_3, infiniplex_forest_lined_room_2,
          chequers_serial_rivers_micro_c
D:2:      layout_loops_corners, good_gods_mini_temple, lemuel_crystal_altar,
          lemuel_zombie_altar_kikubaaqudgha, minmay_misc_feat_secret_circle,
          uniq_sigmund, uniq_natasha

Action                   || total
-------------------------++-------
Melee: Flail             ||   136
  Use: Potion            ||     1
  Eat: Chunk             ||     2
Armor: Scale mail        ||    65
Dodge: Dodged            ||    37
Block: Shield            ||    67
